AoeStats
← Pave

Arabia

507812956Analyzed
2v2 RM · 11d ago on Sep 19, 2026· 43m 59s· 4 players
Game mode
Random Map
Map size
Medium (4 player)
Population
200
Speed
Normal
Resources
Standard
Victory
Conquest
Starting age
Dark Age
Ending age
Imperial Age
RankedLock teamsTeams togetherTeam positionsShared explorationLock speedFull tech treeHidden civsTurbo modeCheats
Victory
Defeat
🇸🇪 Burmese · Sweden
1257
+12
🇸🇪 Spanish · Sweden
1255
+13
🇺🇦 Vikings · Ukraine
1221
-14
🇩🇪 Franks · Germany
1136
-11
Sealion42
6:19 Loom
9:42 Feudal Age
10:19 Double-Bit Axe
14:37 Fletching
17:58 Town Watch
22:08 Castle Age
22:36 Crossbowman
23:17 Bodkin Arrow
24:09 Padded Archer Armor
25:59 Bow Saw
25:34 Horse Collar
33:28 Imperial Age
31:54 Ballistics
35:07 Imperial Age
35:01 Heavy Plow
36:47 Bracer
36:32 Arbalester
40:56 Chemistry
40:07 Masonry
42:48 Conscription
Kratzbaum
7:39 Loom
10:11 Feudal Age
11:35 Double-Bit Axe
24:51 Castle Age
23:48 Forging
23:44 Scale Barding Armor
35:57 Fletching
43:03 Bow Saw
Jollanboll
7:29 Loom
10:43 Feudal Age
12:07 Double-Bit Axe
21:47 Castle Age
19:39 Horse Collar
20:49 Forging
20:45 Scale Barding Armor
20:52 Bloodlines
20:56 Gold Mining
21:14 Stone Mining
22:58 Bow Saw
26:10 Wheelbarrow
26:35 Chain Barding Armor
26:52 Iron Casting
26:33 Fletching
27:07 Husbandry
36:17 Imperial Age
35:16 Bodkin Arrow
35:16 Town Watch
38:33 Bracer
39:08 Plate Barding Armor
39:37 Chemistry
38:57 Cavalier
41:47 Blast Furnace
42:09 Two-Man Saw
42:32 Heavy Plow
Pave
7:27 Loom
10:39 Feudal Age
11:14 Horse Collar
14:22 Scale Barding Armor
18:15 Wheelbarrow
18:30 Forging
20:14 Town Watch
23:41 Castle Age
27:23 Husbandry
28:58 Bloodlines
34:26 Iron Casting
34:31 Gold Mining
35:06 Chain Barding Armor
36:41 Hand Cart
41:07 Imperial Age
39:38 Light Cavalry
40:45 Heavy Plow
41:10 Cavalier
41:55 Hussar
43:22 Plate Barding Armor
44:31 Blast Furnace
Connection lost

Rejoining the realm…

Still unreachable

The connection could not be restored.

Session expired

The server has moved on; the page needs a fresh start.